[Event "*** Qualifier 4: Titled Tuesday 3|2 Blitz"]
[Site "Chess.com"]
[Date "2017.04.25"]
[Round "7"]
[White "SergeiAza"]
[Black "Fandorine"]
[Result "1-0"]
[WhiteElo "2680"]
[BlackElo "2701"]
[TimeControl "180+2"]
[EndTime "14:33:45 PDT"]
[Termination "SergeiAza won by resignation"]

1. e4 c6 2. Nc3 d5 3. d4 dxe4 4.
Nxe4 Bf5 5. Ng3 Bg6 6. Nh3 Nf6 7. Nf4 Nbd7 8. Bc4 Nb6 9. Bb3 e6 10. O-O Nbd5 11. Re1 Nxf4 12. Bxf4 Be7 13. h4 h6 14. h5 Bh7 15. Be5 O-O 16. Qf3 Nd7 17. Ne4 Nxe5 18. dxe5 Qd4 19. Nd6 Bxd6 20. Rad1 Bxe5 21.
Rxd4 Bxd4 22. c3 Bb6 23. Qe2 Rad8 24. Rd1 Rxd1+ 25. Bxd1 Rd8 26. Bc2 Bxc2 27. Qxc2 Rd5 28. g4 f5 29. b4 fxg4 30. c4 Rf5 31. c5 Bc7 32. Qd3 Rd5 33. Qg6 g3 34. Qxe6+ Kh7 35. Qe4+ Kh8 36. Qe8+ Kh7 37. fxg3 Bxg3 38. Qg6+ Kh8 39.
Qe8+ Kh7 40. Kg2 Rg5 41. Kf3 Be5 42. Qf7 b6 43. cxb6 axb6 44. a4 Bf6 45. Qc4 b5 46.
Qe4+ Kh8 47. Qxc6 bxa4 48. Qxa4 Kh7 49. Qc2+ Kh8 50. Qc8+ Kh7 51. Qe8 Be5 52. b5 Bg3 53.
b6 Be5 54. b7 Bh2 55. Qe4+ Kh8 56. Qe2 Bc7 57. Qe8+ Kh7 58. Qe4+ Kh8 59. Qc2 Bg3 60. Qc8+ Kh7 61. Qc2+ Kh8 62. Qe2 Kh7 63. Qe4+ Kh8 64. Qe8+ Kh7 65. Qg6+ 1-0

[Event "*** Qualifier 4: Titled Tuesday 3|2 Blitz"]
[Site "Chess.com"]
[Date "2017.04.25"]
[Round "7"]
[White "Oneofmyturns"]
[Black "Goala"]
[Result "1-0"]
[WhiteElo "2509"]
[BlackElo "2340"]
[TimeControl "180+2"]
[EndTime "14:34:23 PDT"]
[Termination "Oneofmyturns won by resignation"]

1. d4 e6 2. c4 Nf6 3. Nc3 c5 4.
d5 exd5 5. cxd5 d6 6. Nf3 g6 7. Bf4 a6 8. a4 Bg7 9. h3 O-O 10. e3 Qe7 11. Be2 Nbd7 12. O-O Ne8 13. Re1 Ne5 14.
Nd2 f5 15. Qb3 Nf6 16. Bh2 Bd7 17. Qb6 Rfd8 18. Rab1 Be8 19. Bf1 Bf7 20. Qb3 Rac8 21. f4 c4 22. Nxc4 Nxc4 23. Bxc4 Ne4 24. Nxe4 Qxe4 25. Rbc1 b5 26. axb5 axb5 27. Bf1 Qxd5 28.
Qxb5 Bxb2 29. Qxd5 Bxd5 30. Rxc8 Rxc8 31. Rd1 Be4 32.
Bg3 d5 33. Bf2 Kf7 34. Be2 Rc2 35. Bf3 Ke6 36. h4 Rc7 37. h5 Rc1 38. Rxc1 Bxc1 39.
hxg6 hxg6 40. Be2 Bb2 41. Bb5 Bc1 42. Be8 Kf6 43. Bh4+ Kg7 44. Kf2 d4 45. exd4 Bxf4 46. Be7 Bc1 47. Bd6 g5 48. Be5+ Kf8 49. Bg6 g4 50. g3 Bb2 51. Ke2 Ke7 52. Kd2 Ke6 53.
Bh7 Ke7 54. Bg8 Kf8 55. Bc4 Ke7 56. Bb3 Kf8 57. Bc2 Bxc2 58. Kxc2 Ba3 59. Kb3 Bc1 60. Kc4 Ke7 61. Kd5 Be3 62. Kc6 f4 63. d5 f3 64.
d6+ Kf7 65. d7 Bg5 66. Bd4 Bd8 67. Kb7 Ke6 68. Kc8 Bg5 69. Be3 Bf6 70. d8=Q Bxd8 71. Kxd8 Kd5 72. Ke7 Ke4 73. Bb6 f2 74. Bxf2 Kf3 75.
Be1 Ke2 76. Bb4 Kf3 77. Bd6 1-0

[Event "*** Qualifier 4: Titled Tuesday 3|2 Blitz"]
[Site "Chess.com"]
[Date "2017.04.25"]
[Round "7"]
[White "Konavets"]
[Black "Zlatan56"]
[Result "1/2-1/2"]
[WhiteElo "2694"]
[BlackElo "2620"]
[TimeControl "180+2"]
[EndTime "14:34:46 PDT"]
[Termination "Game drawn by repetition"]

1. e4 e5 2. Nf3 Nc6 3. Bc4 Nf6 4.
Ng5 d5 5. exd5 b5 6. Bf1 Nd4 7. c3 Nxd5 8. Ne4 Ne6 9. Bxb5+ Bd7 10. Qa4 f5 11. Ng3 g6 12. Bxd7+ Qxd7 13. Qxd7+ Kxd7 14. O-O e4 15. d3 exd3 16. Rd1 Kc6 17. Rxd3 Bc5 18. b4 Ndf4 19. Rf3 Rad8 20. Bxf4 Rd1+ 21. Nf1 Nxf4 22. Rxf4 Bb6 23. b5+ Kb7 24. g3 Re8 25. Kg2 Re2 26. a4 a5 27. bxa6+ Kxa6 28. a5 Ba7 29. c4 Rb2 30. Nfd2 Rbxd2 31. Nxd2 Rxa1 32. Nf3 Ra2 33. Ne5 Rxa5 34. Nc6 Rc5 35. Nb4+ Kb7 36. Rh4 h5 37. Nd3 Rc6 38. Rf4 Re6 39. h4 Kc6 40. Nb4+ Kd7 41. Rf3 Bc5 42. Nd3 Bd6 43. c5 Be7 44. Nf4 Rc6 45. Rd3+ Ke8 46. Rd5 Kf7 47. Nd3 Ke6 48. Re5+ Kf6 49. Rd5 Ke6 50. Re5+ Kf6 51. Kf3 Re6 52. Rd5 Rc6 53. Ke3 Re6+ 54. Kd4 Re4+ 55. Kc3 Ra4 56. Rd7 Ra7 57.
Kc4 Ke6 58. c6 Bd6 59. Nf4+ Bxf4 60. gxf4 Ra4+ 61. Kb5 Rxf4 62. Rxc7 Rxf2 63. Rg7 Rb2+ 64. Ka6 Kf6 65. c7 Rc2 66. Rd7 Ke5 67. Kb7 f4 68.
Rf7 Rb2+ 69. Kc6 Rc2+ 70. Kd7 Rd2+ 71. Ke8 Rc2 72. Kd8 Ke4 73. Rf6 f3 74. Kd7 Ke3 75. Re6+ Kd4 76. Rd6+ Ke3 77. Re6+ Kd4 78. Rxg6 f2 79. Rf6 Ke3 80. Re6+ Kf3 81. Rf6+ Kg2 82. Rg6+ Kh2 83. Rf6 Kg2 84. Rg6+ Kh2 85. Rf6 Kg2 1/2-1/2

[Event "*** Qualifier 4: Titled Tuesday 3|2 Blitz"]
[Site "Chess.com"]
[Date "2017.04.25"]
[Round "7"]
[White "ruvat"]
[Black "arna"]
[Result "1-0"]
[WhiteElo "2233"]
[BlackElo "2069"]
[TimeControl "180+2"]
[EndTime "14:34:51 PDT"]
[Termination "ruvat won by resignation"]

1. d4 g6 2. c4 Bg7 3. Nf3 d6 4. g3 e6 5. Bg2 Ne7 6. O-O O-O 7. Nc3 Nbc6 8. h3 Rb8 9. d5 Ne5 10. Nxe5 Bxe5 11. Bd2 Bg7 12. Qc2 a6 13. a4 a5 14.
Rad1 b6 15. e4 e5 16. Ne2 f5 17. exf5 gxf5 18. f4 e4 19. Bc3 Bd7 20. Bxg7 Kxg7 21. Nd4 Kg8 22. Kh2 Qe8 23. Qc3 Bxa4 24. b3 Bd7 25. Nc2 Qg6 26. Ne3 Qg7 27. Qxg7+ Kxg7 28. g4 Rbe8 29. Rf2 h5 30. g5 Ng6 31. Kg3 h4+ 32.
Kh2 Ra8 33. Ra1 Rfb8 34. Bf1 b5 35. cxb5 Ne7 36. Bc4 Bxb5 37. Rfa2 a4 38. bxa4 Bxc4 39. Nxc4 Nxd5 40. a5 Rb4 41. Rc2 Nxf4 42. Ne3 Ra7 43. Nxf5+ Kg6 44. Nxh4+ Kxg5 45. Ng2 Nd3 46. Ne3 Nc5 47.
Nd5 Rb5 48. Rg2+ Kf5 49. Ne7+ Ke6 50. Nc6 Rbb7 51. Nd8+ Ke5 52. Nxb7 Nxb7 53. h4 Nc5 54. h5 c6 55. h6 Rh7 56. a6 Rxh6+ 57. Kg1 Nxa6 58.
Rxa6 c5 59. Rd2 Rf6 60. Rc6 e3 61. Rd1 Re6 62. Kf1 d5 63. Rxe6+ Kxe6 64. Ke2 d4 65. Kd3 Kd5 66. Rc1 Kd6 67. Kc4 Ke5 68. Kd3 Kd5 69.
Rc2 Kd6 70. Rh2 Kc6 71. Kc4 Kb6 72. Rb2+ Kc6 73. Rh2 Kb6 74. Rh6+ Ka5 75. Re6 d3 76. Kxd3 Kb4 77. Rxe3 Kb3 78. Kd2+ Kb2 79. Re4 Kb3 80. Kc1 Kc3 81. Rh4 Kd3 82. Rh3+ Kd4 83. Kc2 1-0

[Event "*** Qualifier 4: Titled Tuesday 3|2 Blitz"]
[Site "Chess.com"]
[Date "2017.04.25"]
[Round "7"]
[White "Lawliet64"]
[Black "chesstatour"]
[Result "0-1"]
[WhiteElo "1576"]
[BlackElo "1903"]
[TimeControl "180+2"]
[EndTime "14:35:43 PDT"]
[Termination "chesstatour won by resignation"]

1. e4 c6 2. d4 d5 3. e5 c5 4. c3 Nc6 5. Nf3 Bg4 6. Be2 e6 7.
O-O Qb6 8. dxc5 Bxc5 9. b4 Be7 10. Bf4 Rc8 11. Nbd2 h5 12. a3 Nh6 13. c4 Bxf3 14. Bxf3 dxc4 15. Nxc4 Qd8 16. Nd6+ Bxd6 17. exd6 Nf5 18.
d7+ Qxd7 19. Qxd7+ Kxd7 20. Rfd1+ Ke7 21. b5 Na5 22. h3 Rhd8 23. Bxh5 Rxd1+ 24. Rxd1 g6 25.
Bf3 Rc4 26. Bb8 a6 27. g4 Nd4 28. Bxb7 axb5 29. Ba6 f6 30. g5 e5 31. f4 fxg5 32. fxe5 Ke6 33. Bd6 Nf3+ 34. Kf2 Nxe5 35. Bc8+ Rxc8 36.
Bb4 Nac6 37. Bc5 Re8 38. Kg2 Kf5 39. Rd6 Ra8 40. Bb4 Rc8 41. Rd5 Re8 42. Rxb5 Ke4 43. Bd6 Rd8 44. Bc7 Rd7 45. Bb6 Rd2+ 46. Kf1 Rd3 47. a4 Ra3 48. a5 Nc4 49. Rxg5 N6e5 50. Rg2 Ra1+ 51. Kf2 Ra2+ 52. Kf1 Ra1+ 53. Kf2 Nxa5 54.
Bxa5 Rxa5 55. Kg3 Ra3+ 56. Kh4 Kf5 57. Rg5+ Kf6 58. Rg2 Ra4+ 59. Kg3 Kg5 60. Rb2 Ra3+ 61.
Kh2 Kf5 62. Kg2 g5 63. Kh2 Ra5 64. Rf2+ Kg6 65. Rd2 Nf7 66. Rd7 Ra2+ 67. Kg3 Ra3+ 68. Kh2 Ne5 69. Rd6+ Kf5 70. Rb6 Rd3 71. Rb8 Rd4 72.
Rf8+ Ke4 73. Rf6 Rd2+ 74. Kg3 Rd3+ 75. Kh2 Rf3 76. Ra6 Nd3 77. h4 g4 78. h5 Rh3+ 79. Kg2 Rxh5 80. Ra4+ Kf5 81. Ra5+ Kg6 82. Ra7 Kg5 83.
Kg3 Rh3+ 84. Kg2 Nf4+ 85. Kf2 Ng6 86. Kg2 Rb3 87. Ra5+ Kh4 88. Ra8 Nf4+ 89. Kg1 Kg3 90. Ra1 Nh3+ 91. Kh1 Nf2+ 92. Kg1 Nh3+ 93. Kh1 Kh4 94.
Kh2 Rb2+ 95. Kh1 Nf4 96. Rg1 g3 97. Rxg3 Kxg3 0-1

[Event "*** Qualifier 4: Titled Tuesday 3|2 Blitz"]
[Site "Chess.com"]
[Date "2017.04.25"]
[Round "7"]
[White "Gabrielian_Artur"]
[Black "nonscitis"]
[Result "0-1"]
[WhiteElo "2549"]
[BlackElo "2351"]
[TimeControl "180+2"]
[EndTime "14:35:59 PDT"]
[Termination "nonscitis won on time"]

1. d4 Nf6 2. c4 e6 3. Nf3 Bb4+ 4.
Nbd2 O-O 5. a3 Bxd2+ 6. Qxd2 b6 7. g3 Bb7 8. Bg2 d5 9. cxd5 Bxd5 10. O-O Nbd7 11.
Qd3 c5 12. Bg5 h6 13. Bf4 cxd4 14. Qxd4 Nc5 15. Rad1 Bb3 16. Rd2 Nfe4 17. Qxd8 Raxd8 18. Rxd8 Rxd8 19. Rc1 f6 20. Be3 e5 21. Kf1 Kf7 22.
Ke1 Ke6 23. Nd2 Nxd2 24. Bxd2 Ba4 25. Bb4 a5 26. Bxc5 bxc5 27. Bh3+ Ke7 28. Bf5 Kd6 29. h4 Rb8 30. Rb1 Bb3 31. Kd2 Bd5 32. Kc2 Ke7 33.
Rc1 c4 34. Rd1 Bc6 35. Kc1 Rb3 36. Bc2 Rb7 37. f4 Rc7 38. e3 Bf3 39. Rf1 Bg4 40. Kd2 c3+ 41. bxc3 Rd7+ 42. Kc1 Rc7 43. Kb2 Rb7+ 44.
Kc1 Rc7 45. fxe5 fxe5 46. Bf5 Bxf5 47. Rxf5 Ke6 48. Rf8 Rxc3+ 49. Kd2 Rxa3 50. g4 Ra4 51. g5 Rxh4 52. gxh6 gxh6 53. Ra8 a4 54. Kd3 Kf6 55. e4 a3 56. Rf8+ Ke7 57. Ra8 Rg4 58. Ra5 Kf6 59. Ra8 Kg5 60. Ke3 Rg3+ 61. Kf2 Rb3 62.
Rf8 Kg4 63. Ke2 Rh3 64. Kf2 Rb3 65. Ke2 Rh3 66. Kf2 Rh2+ 67. Ke3 a2 68. Rg8+ Kh5 69.
Ra8 Kg6 70. Kf3 Kf6 71. Kg4 Rg2+ 72. Kh5 Rh2+ 73. Kg4 h5+ 74. Kg3 Rb2 75. Kh4 Rh2+ 76. Kg3 Re2 77. Kh4 Rxe4+ 78. Kxh5 Re2 79. Kg4 Rb2 80.
Ra6+ Ke7 81. Kf5 Kd7 82. Kxe5 Kc7 83. Kd4 Kb7 84. Kc3 Rh2 85. Ra4 Kb6 86. Kb3 Kb5 87.
Rxa2 Rh3+ 88. Kb2 Kc4 89. Ra4+ Kb5 90. Ra8 Rh2+ 91. Kb3 Rh3+ 92. Kc2 Rh2+ 93. Kc3 Rh3+ 0-1

[Event "*** Qualifier 4: Titled Tuesday 3|2 Blitz"]
[Site "Chess.com"]
[Date "2017.04.25"]
[Round "7"]
[White "Schemato"]
[Black "Wolverine_master"]
[Result "1-0"]
[WhiteElo "2232"]
[BlackElo "1978"]
[TimeControl "180+2"]
[EndTime "14:36:03 PDT"]
[Termination "Schemato won on time"]

1. c4 Nf6 2. Nc3 e6 3. e4 d5 4. e5 Ne4 5. Nf3 Nxc3 6. dxc3 c6 7.
Bf4 Nd7 8. h4 Qb6 9. Qc2 h6 10.
Rh3 Be7 11. Rg3 g6 12. Qd2 Bf8 13. Be3 Qc7 14. Bf4 Nc5 15. Bd3 Nxd3+ 16. Qxd3 Bd7 17. O-O-O O-O-O 18. Kb1 Bc5 19. Be3 Qb6 20. Bxc5 Qxc5 21.
cxd5 cxd5 22. Qd4 b6 23. Rg4 Bb5 24. Re1 Kb7 25. Rf4 Rd7 26. Rf6 a5 27. Re3 a4 28.
a3 Rc8 29. Qf4 Rcc7 30. Nd4 Qc4 31. Re1 Qd3+ 32. Ka1 Bc4 33. Qe3 Qxe3 34. Rxe3 h5 35. Ref3 b5 36. Kb1 Kb6 37. Kc1 Bf1 38. g3 Bg2 39. R3f4 Be4 40. Kd2 Kc5 41. f3 Bf5 42. Nxf5 exf5 43. Rb4 Rc6 44. Ke3 Rxf6 45. exf6 Rd6 46.
Kf4 Rxf6 47. Kg5 Re6 48. Kh6 Re3 49. Rf4 Rd3 50. Kg7 Rd2 51. Rb4 d4 52. cxd4+ Rxd4 53.
Rxd4 Kxd4 54. Kxf7 g5 55. hxg5 f4 56. gxf4 h4 57.
g6 h3 58. g7 h2 59. g8=Q h1=Q 60. Qg7+ Kc4 61. Qe5 Qxf3 62. f5 Qb7+ 63. Kg6 Qg2+ 64.
Kf7 Qb7+ 65. Kf6 Qa8 66. Kg7 Qa7+ 67. Kg6 Qb6+ 68. f6 Qg1+ 69. Kh7 Kb3 70. f7 Qh1+ 71. Kg8 Qg2+ 72. Qg7 Qd5 73. Kh8 Qh5+ 74. Qh7 Qe5+ 75. Kg8 Qg5+ 76. Qg7 Qd5 77. Qc3+ Ka2 78. Qg7 Qe6 79.
Qg2 Qc4 80. Kg7 Qc7 81. Qf2 Qe5+ 82. Qf6 Qg3+ 83. Kh6 Qh3+ 84. Kg5 Qg3+ 85. Kf5 Qf3+ 86. Ke5 Qe3+ 87. Kd5 Qd3+ 88. Kc5 Qc4+ 89. Kb6 b4 90.
f8=Q b3 91. Qc5 Qc1 92. Qfd4 Qb1 93. Kb5 Qf1+ 94. Kxa4 Qd1 95. Kb4 1-0

[Event "*** Qualifier 4: Titled Tuesday 3|2 Blitz"]
[Site "Chess.com"]
[Date "2017.04.25"]
[Round "8"]
[White "Lawliet64"]
[Black "cailinchetty"]
[Result "0-1"]
[WhiteElo "1559"]
[BlackElo "1946"]
[TimeControl "180+2"]
[EndTime "14:40:01 PDT"]
[Termination "cailinchetty won by resignation"]

1. e4 c5 2. Nc3 Nc6 3. Bc4 g6 4. d3 Bg7 5. f4 e6 6. Nf3 Nge7 7. O-O d5 8. Bb3 b6 9. Qe1 d4 10. Ne2 Na5 11. Qh4 Nec6 12. Qh3 e5 13. f5 Nxb3 14. axb3 f6 15. Bh6 O-O 16. g4 g5 17.
Bxg7 Kxg7 18. Qg2 h6 19. Ng3 a5 20. h4 Rh8 21. hxg5 hxg5 22. Kf2 Qg8 23. Rh1 Bd7 24.
c3 Kf7 25. Rxh8 Qxh8 26. b4 axb4 27. cxd4 Rxa1 0-1

[Event "*** Qualifier 4: Titled Tuesday 3|2 Blitz"]
[Site "Chess.com"]
[Date "2017.04.25"]
[Round "8"]
[White "AllStarShark"]
[Black "LawrenceTrent"]
[Result "0-1"]
[WhiteElo "2309"]
[BlackElo "2411"]
[TimeControl "180+2"]
[EndTime "14:40:36 PDT"]
[Termination "LawrenceTrent won by checkmate"]

1. d4 Nf6 2. Bg5 g6 3. Bxf6 exf6 4.
e3 Bg7 5. g3 d6 6. Bg2 h5 7. h4 O-O 8. Ne2 c5 9. dxc5 dxc5 10.
Qxd8 Rxd8 11. Nd2 f5 12. c3 Nc6 13. Bxc6 bxc6 14. O-O-O Be6 15. Nf4 Bxa2 16. b3 Rab8 17. Kb2 Bxb3 18. Nxb3 Rxd1 19. Rxd1 c4 20. Rd7 Rxb3+ 21.
Kc2 Rxc3+ 22. Kd2 Ra3 23. Rc7 Ra2+ 24. Ke1 Ra1+ 25. Ke2 Ra2+ 26. Ke1 Ra6 27. Ne2 c3 28. Nd4 Bxd4 29. exd4 Ra1+ 30. Ke2 c2 31. Rc8+ Kg7 32. Rxc6 c1=Q 33. d5 Qd1+ 34. Ke3 Ra3+ 35. Kf4 Qd4+ 36. Kg5 Qg4# 0-1

[Event "*** Qualifier 4: Titled Tuesday 3|2 Blitz"]
[Site "Chess.com"]
[Date "2017.04.25"]
[Round "8"]
[White "wnstop"]
[Black "jcgs1030"]
[Result "1-0"]
[WhiteElo "2460"]
[BlackElo "2271"]
[TimeControl "180+2"]
[EndTime "14:41:26 PDT"]
[Termination "wnstop won by resignation"]

1. e4 c5 2. Nf3 d6 3. d4 cxd4 4.
Nxd4 Nf6 5. Nc3 g6 6. Be3 Bg7 7.
f3 O-O 8. Qd2 Nc6 9. Bc4 Bd7 10.
O-O-O Rb8 11. Kb1 Na5 12. Bb3 b5 13. Ka1 b4 14. Nd5 Nxb3+ 15. cxb3 Nxd5 16. exd5 Qa5 17. Nc6 Bxc6 18. dxc6 Rfc8 19. Rc1 Qb5 20. Qc2 Rc7 21. Qc4 Qxc4 22. Rxc4 a5 23. Rhc1 Kf8 24. Rd1 Ke8 25. Kb1 Kd8 26. Rd5 Rbc8 27. Bb6 Ra8 28. Rxa5 1-0

[Event "*** Qualifier 4: Titled Tuesday 3|2 Blitz"]
[Site "Chess.com"]
[Date "2017.04.25"]
[Round "8"]
[White "matiss90"]
[Black "djogrodek1"]
[Result "1-0"]
[WhiteElo "2312"]
[BlackElo "2363"]
[TimeControl "180+2"]
[EndTime "14:41:32 PDT"]
[Termination "matiss90 won by resignation"]

1. e4 c5 2. Nf3 g6 3. d4 cxd4 4.
Qxd4 Nf6 5. e5 Nc6 6. Qc3 Nd5 7. Qd2 Nb6 8. b3 Bg7 9. Bb2 O-O 10. c4 d6 11. exd6 Bxb2 12. Qxb2 Qxd6 13. Be2 Bg4 14. O-O Rad8 15. Nc3 Qb8 16. h3 Bxf3 17. Bxf3 Nd4 18. Be4 Qf4 19. g3 Qe5 20. Bxb7 Rb8 21. Bg2 Nxc4 22.
Qc1 Nd6 23. Re1 Qg7 24. Nd5 e6 25. Ne3 Rbc8 26. Qa3 N6b5 27. Qe7 Rc7 28. Qb4 Rfc8 29. a4 Nc3 30. Kh2 Qf8 31. Qxd4 Rd8 32. Qf6 Rd2 33. Rac1 Qb4 34. Ng4 h5 35. Nh6+ Kh7 36. Nxf7 Qf8 37. Ng5+ 1-0

[Event "*** Qualifier 4: Titled Tuesday 3|2 Blitz"]
[Site "Chess.com"]
[Date "2017.04.25"]
[Round "8"]
[White "silverback96"]
[Black "poummba"]
[Result "1-0"]
[WhiteElo "2078"]
[BlackElo "2347"]
[TimeControl "180+2"]
[EndTime "14:41:50 PDT"]
[Termination "silverback96 won by resignation"]

1. Nf3 g6 2. g3 Bg7 3. Bg2 d6 4.
O-O Nf6 5. c4 e5 6. Nc3 O-O 7.
d4 Nc6 8. dxe5 dxe5 9. Bg5 Be6 10. Nd2 h6 11. Bxf6 Bxf6 12. Nde4 Bg7 13. Qxd8 Raxd8 14. Nc5 Bc8 15. Nd5 Nd4 16. e3 Ne6 17. Ne7+ Kh7 18. Nxb7 Bxb7 19. Bxb7 Rb8 20. Bd5 Rxb2 21. Nc6 a6 22. Rab1 Rxa2 23. Rb7 Re8 24. Bxe6 Rxe6 25. Rxc7 Rc2 26. Nd8 Rf6 27. Nxf7 e4 28. c5 a5 29. Nd6 Re6 30. Rb1 Rxc5 31. Rxc5 Rxd6 32. Rb7 1-0

[Event "*** Qualifier 4: Titled Tuesday 3|2 Blitz"]
[Site "Chess.com"]
[Date "2017.04.25"]
[Round "8"]
[White "Malev212"]
[Black "Blitzstream"]
[Result "1-0"]
[WhiteElo "2465"]
[BlackElo "2438"]
[TimeControl "180+2"]
[EndTime "14:42:02 PDT"]
[Termination "Malev212 won by resignation"]

1. f4 g6 2. Nf3 Bg7 3. e4 e6 4.
Nc3 Ne7 5. h4 h5 6. Rg1 b6 7. d3 Bb7 8. g4 hxg4 9. Rxg4 d6 10. Bd2 Nd7 11. Qe2 a6 12. Rg1 c5 13. O-O-O Qc7 14.
Ng5 b5 15. f5 gxf5 16. exf5 b4 17. fxe6 Qa5 18. exf7+ Kd8 19. Ne6+ Kc8 20. Rxg7 bxc3 21.
Bxc3 Qxa2 22. Bh3 Bd5 23. Nxc5 dxc5 24. Qxe7 Ra7 25. Qe8+ 1-0

[Event "*** Qualifier 4: Titled Tuesday 3|2 Blitz"]
[Site "Chess.com"]
[Date "2017.04.25"]
[Round "8"]
[White "Mbneu"]
[Black "ABDELAZEEZ-M"]
[Result "0-1"]
[WhiteElo "2165"]
[BlackElo "2175"]
[TimeControl "180+2"]
[EndTime "14:42:24 PDT"]
[Termination "ABDELAZEEZ-M won by resignation"]

1. d4 d5 2. c4 c6 3. Nc3 Nf6 4.
Nf3 e6 5. g3 Be7 6. Bg2 O-O 7. O-O Nbd7 8. Bf4 dxc4 9. Nd2 Nb6 10. e3 Nfd5 11. Qe2 g5 12. Kh1 gxf4 13. gxf4 Nxc3 14.
bxc3 Kh8 15. Qh5 f5 16. Nf3 Qe8 17. Qh3 Bf6 18. Rg1 Bd7 19. Ng5 Bxg5 20. fxg5 Rg8 21. Bf3 e5 22. Bh5 Qe7 23. g6 f4 24. Qf3 fxe3 25.
Qxe3 Nd5 26. Qd2 exd4 27. Qxd4+ Qf6 28. gxh7 Rxg1+ 29. Rxg1 Qxd4 30. cxd4 Kxh7 31. Bg6+ Kh8 32. Rg5 Rg8 33. Rh5+ Kg7 34. Bc2 Rh8 35. Rg5+ Kf7 36. Bg6+ Ke7 37. Re5+ Kd6 0-1

[Event "*** Qualifier 4: Titled Tuesday 3|2 Blitz"]
[Site "Chess.com"]
[Date "2017.04.25"]
[Round "8"]
[White "GGuseinov"]
[Black "feigelag"]
[Result "1-0"]
[WhiteElo "2738"]
[BlackElo "2337"]
[TimeControl "180+2"]
[EndTime "14:42:26 PDT"]
[Termination "GGuseinov won by resignation"]

1. e4 e5 2. Nf3 Nc6 3. Bb5 a6 4.
Bxc6 dxc6 5. O-O Bg4 6. h3 Bh5 7. g4 Bg6 8. Nxe5 Qh4 9. Qf3 f6 10. Nxg6 hxg6 11. Kg2 Bd6 12. d4 g5 13. e5 Be7 14. Nc3 O-O-O 15. Be3 Qh7 16. Rad1 Qxc2 17. d5 Qxb2 18. dxc6 Nh6 19. Nd5 Qxe5 20. cxb7+ Kb8 21. Rfe1 c5 22. Bf4 gxf4 23. Rxe5 fxe5 24. Qe2 1-0

[Event "*** Qualifier 4: Titled Tuesday 3|2 Blitz"]
[Site "Chess.com"]
[Date "2017.04.25"]
[Round "8"]
[White "indfraeng"]
[Black "politeplayer"]
[Result "0-1"]
[WhiteElo "1800"]
[BlackElo "2186"]
[TimeControl "180+2"]
[EndTime "14:42:28 PDT"]
[Termination "politeplayer won by resignation"]

1. d4 d5 2. c4 e6 3. Nc3 c5 4.
cxd5 cxd4 5. Qxd4 Nc6 6. Qd1 exd5 7. Qxd5 Bd7 8. Bg5 Nf6 9. Bxf6 Qxf6 10. O-O-O O-O-O 11. Qf3 Qg6 12. e3 Bb4 13. Bd3 Qg5 14. Qf4 Qa5 15. Qc4 Kb8 16. a3 Bxa3 17. bxa3 Qxa3+ 18.
Kc2 Na5 19. Qa4 Bxa4+ 20. Nxa4 Qxa4+ 21. Kc3 Qb3+ 0-1

[Event "*** Qualifier 4: Titled Tuesday 3|2 Blitz"]
[Site "Chess.com"]
[Date "2017.04.25"]
[Round "8"]
[White "SerGo055"]
[Black "GMOratovsky"]
[Result "1-0"]
[WhiteElo "2340"]
[BlackElo "2312"]
[TimeControl "180+2"]
[EndTime "14:42:29 PDT"]
[Termination "SerGo055 won by checkmate"]

1. d4 d6 2. Nf3 Nf6 3. c4 g6 4. Nc3 Nbd7 5. Bg5 Bg7 6. Qd2 O-O 7. Bh6 e5 8. h4 exd4 9. Nxd4 Bxh6 10. Qxh6 Ng4 11.
Qd2 h5 12. e4 Nge5 13. Be2 Re8 14. f4 Nc6 15. Nxc6 bxc6 16. g4 hxg4 17. h5 Nf6 18. hxg6 fxg6 19. O-O-O Kg7 20. e5 dxe5 21. Qxd8 Rxd8 22. Rxd8 exf4 23. Rhh8 f3 24. Kd2 fxe2 25. Rxc8 Rxc8 26. Rxc8 g3 27. Kxe2 Kh6 28. Kf3 Kg5 29. Kxg3 Nh5+ 30. Kf3 Ng7 31. Rxc7 Ne6 32. Rxa7 Kf5 33.
Ne2 g5 34. Ra5+ Kf6 35. Kg4 Ke7 36. Re5 Kd6 37. Rxe6+ Kxe6 38. Kxg5 Ke5 39. a4 Kd6 40. b4 Kc7 41. c5 Kb7 42. Nd4 Kc7 43. Kf5 Kb7 44.
Ke6 Kc7 45. Ke7 Kb7 46. Kd7 Ka6 47. Kxc6 Ka7 48. b5 Ka8 49. b6 Kb8 50. a5 Ka8 51.
Ne6 Kb8 52. a6 Ka8 53. Kb5 Kb8 54. c6 Ka8 55. Kc5 Kb8 56. Kd5 Ka8 57. Kd6 Kb8 58. c7+ Kc8 59. b7# 1-0

[Event "*** Qualifier 4: Titled Tuesday 3|2 Blitz"]
[Site "Chess.com"]
[Date "2017.04.25"]
[Round "8"]
[White "Winehouse83"]
[Black "amaidel"]
[Result "1-0"]
[WhiteElo "2272"]
[BlackElo "2391"]
[TimeControl "180+2"]
[EndTime "14:42:37 PDT"]
[Termination "Winehouse83 won by resignation"]

1. d4 d5 2. Bf4 Nf6 3. e3 c5 4.
Nf3 Nc6 5. c3 Qb6 6. Qb3 c4 7.
Qc2 Bf5 8. Qc1 e6 9. Be2 Qd8 10. Ne5 Nxe5 11. Bxe5 Be7 12. O-O O-O 13. b3 b5 14. a4 a6 15. Nd2 h6 16. Qb2 Qb6 17. bxc4 dxc4 18. Nxc4 Qc6 19. Na5 Qb6 20. axb5 axb5 21.
Qxb5 Qxb5 22. Bxb5 Nd5 23. Nc6 Bf6 24. Bxf6 gxf6 25. c4 Nc3 26. Ne7+ Kh7 27. Nxf5 exf5 28. Bd7 Kg6 29. g3 Rfd8 30. Rxa8 Rxa8 31. c5 Ra7 32. c6 Rc7 33. Kg2 Nd5 34. Rb1 Ne7 35. Rb7 Nd5 36.
Rxc7 Nxc7 37. Kf3 Kg5 38. h4+ Kg6 39. Ke2 Nd5 40. Kd3 Kh5 41. Bxf5 Nb4+ 42. Kc4 Nxc6 43. Kc5 Nxd4 44. g4+ Kxh4 45. exd4 1-0

[Event "*** Qualifier 4: Titled Tuesday 3|2 Blitz"]
[Site "Chess.com"]
[Date "2017.04.25"]
[Round "8"]
[White "chesstatour"]
[Black "Gabrielian_Artur"]
[Result "0-1"]
[WhiteElo "1903"]
[BlackElo "2549"]
[TimeControl "180+2"]
[EndTime "14:42:58 PDT"]
[Termination "Gabrielian_Artur won by resignation"]

1. e4 c5 2. Nf3 Nc6 3. d4 cxd4 4.
Nxd4 e5 5. Nb3 Nf6 6. Nc3 Bb4 7. Bd3 Bxc3+ 8. bxc3 d6 9. O-O O-O 10. Qe2 h6 11. Rd1 Be6 12. Rb1 Qc7 13. h3 Ne7 14.
Ba3 Rfd8 15. Nd2 Ng6 16. c4 Nf4 17. Qe3 b6 18. Bf1 Rac8 19. Kh2 Qb7 20. g3 Ng6 21. Rb3 Qc6 22. Rd3 h5 23. Nf3 Nxe4 24. Bg2 Qxc4 25. Rxd6 Nxd6 26. Bxd6 Qxc2 27. Rd2 Qc3 28. Qg5 e4 29. Nh4 Qf6 30. Qxf6 gxf6 31. Bxe4 Nxh4 32. gxh4 f5 33. Bf3 f6 34. Bxh5 Rc6 35. Bf4 Rxd2 36. Bxd2 Rc2 37. Bf4 Rxa2 38. Kg3 b5 39. f3 b4 40. Be8 b3 0-1

[Event "*** Qualifier 4: Titled Tuesday 3|2 Blitz"]
[Site "Chess.com"]
[Date "2017.04.25"]
[Round "8"]
[White "Ilja_Semjonovs"]
[Black "Aygehovit1992"]
[Result "0-1"]
[WhiteElo "2255"]
[BlackElo "2495"]
[TimeControl "180+2"]
[EndTime "14:43:00 PDT"]
[Termination "Aygehovit1992 won on time"]

1. e4 g6 2. Nf3 Bg7 3. d4 d6 4.
Nc3 Nf6 5. Be2 O-O 6. h3 Nc6 7. Be3 e5 8. Qd2 exd4 9. Nxd4 Re8 10. f3 a6 11. O-O-O Ne5 12. g4 b5 13. h4 c5 14.
Nb3 c4 15. Nd4 b4 16. Nb1 Qa5 17. a3 c3 18. bxc3 bxa3 19. c4 Qa4 20. Nc3 Qb4 21.
Nb3 Nfxg4 22. fxg4 Nxc4 23. Bxc4 Bxc3 24. Qd3 a2 25. Rdf1 Qa3+ 26. Kd1 Bxg4+ 0-1

[Event "*** Qualifier 4: Titled Tuesday 3|2 Blitz"]
[Site "Chess.com"]
[Date "2017.04.25"]
[Round "8"]
[White "plouarzel"]
[Black "prochn"]
[Result "0-1"]
[WhiteElo "2410"]
[BlackElo "2202"]
[TimeControl "180+2"]
[EndTime "14:43:19 PDT"]
[Termination "prochn won on time"]

1. e4 c6 2. d4 d5 3. f3 dxe4 4. fxe4 e5 5. Nf3 Bg4 6. Bc4 Nd7 7. c3 Ngf6 8. Nbd2 Bd6 9. O-O Qc7 10. Qe1 h6 11. Bb3 b5 12. a4 O-O 13. axb5 cxb5 14. Qh4 a5 15. dxe5 Nxe5 16. Nd4 a4 17. Bd5 Rab8 18. N2f3 Nxf3+ 19. gxf3 Nxd5 20. fxg4 Ne7 21. g5 Ng6 22. Qh5 Qc5 23. Kh1 b4 24. Nf5 bxc3 25.
gxh6 cxb2 0-1

[Event "*** Qualifier 4: Titled Tuesday 3|2 Blitz"]
[Site "Chess.com"]
[Date "2017.04.25"]
[Round "8"]
[White "L3on4rdo"]
[Black "ehrenfeld"]
[Result "0-1"]
[WhiteElo "2384"]
[BlackElo "2388"]
[TimeControl "180+2"]
[EndTime "14:43:32 PDT"]
[Termination "ehrenfeld won by resignation"]

1. Nf3 d6 2. d4 Bg4 3. e4 Nf6 4.
Nc3 e6 5. h3 Bh5 6. Bd3 Be7 7.
O-O O-O 8. Qe2 d5 9. e5 Nfd7 10.
g4 Bg6 11. Bxg6 fxg6 12. Nd1 c5 13. c3 Nc6 14. Be3 cxd4 15. cxd4 Rc8 16. Nc3 Na5 17. Rad1 Qb6 18. Bg5 Bxg5 19. Nxg5 h6 20. Nf3 g5 21. Ne1 Rf4 22. Na4 Qc6 23. b3 b5 24.
Nb2 Qc3 25. Nbd3 Re4 26. Qf3 Nc6 27. Nc1 Nxd4 28. Qxc3 Rxc3 29. f3 Rxe1 30. Rfxe1 Nxf3+ 31. Kf2 Nxe1 32. Rxe1 0-1